WCHLSIM.com - West Coast Hockey League
html PUBLIC "-//W3C//DTD XHTML 1.0 Transitional//EN" "http://www.w3.org/TR/xhtml1/DTD/xhtml1-transitional.dtd"> WCHL - Game 37 - SAN DIEGO THUNDER vs UTAH ICE BEARS

SAN DIEGO THUNDER vs UTAH ICE BEARS

Created - 18 novembre 2020 at 22:00

Goals
1 2 3 T
SAN DIEGO THUNDER 0 3 2 5
UTAH ICE BEARS 0 1 0 1
Shots
1 2 3 T
SAN DIEGO THUNDER 13 15 20 48
UTAH ICE BEARS 8 3 6 17

1st period

No Goal

Penalties :
MacKenzie Weegar (UTA) for Hooking (Minor) at 0:45

2nd period

1. SAN DIEGO THUNDER , Nikita Kucherov 2 (Rasmus Dahlin 2, Logan Couture 2) at 3:39
2. SAN DIEGO THUNDER , Connor Murphy 1 (David Perron 1, Nikita Kucherov 2) at 7:13 (PP)
3. UTAH ICE BEARS , MacKenzie Weegar 1 (Artem Anisimov 3, Zachary Sanford 1) at 8:34 (PP)
4. SAN DIEGO THUNDER , Marcus Foligno 1 (Jean-Gabriel Pageau 1) at 11:56

Penalties :
Alexander Edler (UTA) for Kneeing (Minor) at 7:09, Charles McAvoy (SDG) for Goalie Interference (Minor) at 7:42, Bo Horvat (SDG) for Roughing (Minor) at 15:23

3rd period

5. SAN DIEGO THUNDER , Bo Horvat 2 (David Perron 2, Charles McAvoy 2) at 8:32
6. SAN DIEGO THUNDER , Jean-Gabriel Pageau 1 (Ryan Hartman 1, Rasmus Dahlin 3) at 8:55

Penalties :
Kevin Shattenkirk (UTA) for Hooking (Minor) at 2:07, Zachary Sanford (UTA) for Hooking (Minor) at 6:41, Justin Holl (SDG) for Interference (Minor) at 6:41, MacKenzie Weegar (UTA) for Roughing (Minor) at 13:53

Goalie Stats

Connor Hellebuyck (SDG), 16 saves from 17 shots - (0,941), W, 1-2-0, 60:00 minutes
Thatcher Demko (UTA), 43 saves from 48 shots - (0,896), L, 0-2-0, 60:00 minutes

Players Stats for SAN DIEGO THUNDER

Player Name              G  A  P  +/- PIM S  H  SB GA TA FO     MP     PP MP  PK MP  
------------------------------------------------------------------------------------
Bo Horvat                1  0  1   1  2   11 0  0  0  0  17/24  18:47   2:52   0:00 
Charles McAvoy           0  1  1   1  2   0  0  0  0  0  0/0    23:59   3:21   1:02 
Connor Murphy            1  0  1   1  0   3  2  1  0  0  0/0    24:41   3:21   1:20 
David Perron             0  2  2   1  0   1  1  0  0  0  0/1    19:25   3:09   0:20 
Drake Batherson          0  0  0   0  0   1  3  0  0  0  0/0     6:05   0:00   1:02 
Emil Bemstrom            0  0  0   0  0   1  0  0  0  0  0/0     5:03   0:00   0:00 
Evander Kane             0  0  0   1  0   5  2  0  0  0  1/1    20:06   2:52   0:00 
Ilya Mikheyev            0  0  0   0  0   1  1  0  0  0  0/0    18:11   2:52   0:00 
Jean-Gabriel Pageau      1  1  2   2  0   4  1  0  0  0  5/13   13:22   0:00   1:49 
Josh Manson              0  0  0   0  0   1  2  1  0  0  0/0    21:37   2:40   1:31 
Justin Holl              0  0  0   0  2   1  0  0  0  0  0/0    16:54   0:00   0:00 
Logan Couture            0  1  1   1  0   5  1  0  0  0  15/26  21:45   3:09   0:00 
Marcus Foligno           1  0  1   2  0   1  3  0  0  0  0/0    12:35   0:00   1:02 
Michael Matheson         0  0  0   3  0   0  1  1  0  0  0/0    14:00   0:00   0:18 
Nikita Kucherov          1  1  2   1  0   11 0  0  0  0  0/3    21:45   3:09   0:00 
Rasmus Dahlin            0  2  2   3  0   0  2  1  0  0  0/0    18:47   2:40   1:31 
Robert Fabbri            0  0  0   0  0   0  0  0  0  0  1/5     5:03   0:00   0:00 
Ryan Hartman             0  1  1   2  0   2  0  0  0  0  0/0    13:02   0:00   1:29 

Players Stats for UTAH ICE BEARS

Player Name              G  A  P  +/- PIM S  H  SB GA TA FO     MP     PP MP  PK MP  
------------------------------------------------------------------------------------
Alex Galchenyuk          0  0  0  -1  0   0  0  0  0  0  8/16   19:58   1:02   2:46 
Alexander Edler          0  0  0  -2  2   0  0  5  0  0  0/0    25:38   0:57   2:59 
Artem Anisimov           0  1  1  -1  0   4  0  0  0  0  17/29  24:30   1:49   2:37 
Dominic Toninato         0  0  0  -2  0   3  2  0  0  0  6/14   15:30   0:00   0:00 
Jakub Lauko              0  0  0   0  0   0  0  0  0  0  0/0     1:14   0:00   0:38 
Kevin Shattenkirk        0  0  0  -2  2   3  1  3  0  0  0/0    24:12   0:57   1:33 
MacKenzie Weegar         1  0  1   0  4   2  1  2  0  0  0/0    18:52   1:54   0:58 
Nathan Walker            0  0  0   0  0   0  0  0  0  0  1/1     4:43   0:00   0:00 
Nikolay Goldobin         0  0  0  -1  0   0  0  0  0  0  0/0    15:58   1:49   0:00 
Radim Simek              0  0  0  -2  0   0  1  1  0  0  0/0    13:23   0:00   0:00 
Robert Lantosi           0  0  0  -2  0   0  0  0  0  0  0/1    14:54   0:00   0:00 
Ross Colton              0  0  0   0  0   0  0  0  0  0  2/7     4:43   0:00   0:00 
Stefan Matteau           0  0  0  -2  0   1  4  0  0  0  0/2    15:32   0:00   0:38 
T.J. Brodie              0  0  0   0  0   2  1  1  0  0  0/0    21:23   1:54   3:27 
Troy Stecher             0  0  0  -2  0   0  2  2  0  0  0/0    16:28   0:00   3:05 
Valentin Zykov           0  0  0   0  0   0  1  0  0  0  0/1    16:25   1:02   0:00 
Vladimir Sobotka         0  0  0  -1  0   0  4  0  0  0  0/0    19:58   1:02   2:46 
Zachary Sanford          0  1  1  -1  2   2  2  0  0  0  0/2    18:34   1:49   2:37 

3 Stars

1 - Jean-Gabriel Pageau (SDG)
2 - Rasmus Dahlin (SDG)
3 - Marcus Foligno (SDG)

Power Play

SAN DIEGO THUNDER - 1 on 4 Attempt(s) - 25,00%
UTAH ICE BEARS - 1 on 2 Attempt(s) - 50,00%

Penalty Kill

SAN DIEGO THUNDER - 1 on 2 Attempt(s) - 50,00% - Score 0 goal in Penalty Kill
UTAH ICE BEARS - 3 on 4 Attempt(s) - 75,00% - Score 0 goal in Penalty Kill

Team Stat

SAN DIEGO THUNDER - Hits : 19 - Faceoff Wins : 39 - Blocked Shots : 4 - Penalty Minutes : 6
UTAH ICE BEARS - Hits : 19 - Faceoff Wins : 34 - Blocked Shots : 14 - Penalty Minutes : 10

Official

Referees : Dan Kelly and Shaun Davis
Linesman : Greg Devorski and Vaughan Rody

Game Notes

No Game Note

Finance

Level 1 -- Attendance: 7661 (98,85%) -- Ticket Income 865 693 $
Level 2 -- Attendance: 5750 (100,00%) -- Ticket Income 442 750 $
Level 3 -- Attendance: 2500 (100,00%) -- Ticket Income 140 000 $
Level 4 -- Attendance: 5000 (100,00%) -- Ticket Income 180 000 $
Luxury Box -- Attendance: 1000 (100,00%) -- Ticket Income 225 000 $
Total Attendance: 21911 (99,60%)
Total Ticket Income: 1 853 443 $
Other Income: 648 705 $
Total Income: 2 502 148 $

SAN DIEGO THUNDER

5 vs 5 Forward 
   Center                   Left Wing                Right Wing               Time % Phy DF OF 
 1 Logan Couture            Evander Kane             Nikita Kucherov          36     0   2  3  
 2 Bo Horvat                David Perron             Ilya Mikheyev            32     0   2  3  
 3 Jean-Gabriel Pageau      Marcus Foligno           Ryan Hartman             24     0   3  2  
 4 Robert Fabbri            Emil Bemstrom            Drake Batherson          8      1   2  2  

5 vs 5 Defense 
   Defense                  Defense                                           Time % Phy DF OF 
 1 Charles McAvoy           Connor Murphy                                     36     1   2  2  
 2 Justin Holl              Josh Manson                                       31     1   2  2  
 3 Rasmus Dahlin            Michael Matheson                                  23     0   3  2  
 4 Charles McAvoy           Connor Murphy                                     10     1   2  2  

PowerPlay Forward 
   Center                   Left Wing                Right Wing               Time % Phy DF OF 
 1 Logan Couture            David Perron             Nikita Kucherov          55     0   1  4  
 2 Bo Horvat                Evander Kane             Ilya Mikheyev            45     0   1  4  

PowerPlay Defense
   Defense                  Defense                                           Time % Phy DF OF 
 1 Charles McAvoy           Connor Murphy                                     55     1   1  3  
 2 Rasmus Dahlin            Josh Manson                                       45     1   1  3  

Penalty Kill 4 Players Forward 
   Center                   Wing                     Time % Phy DF OF 
 1 Jean-Gabriel Pageau      Ryan Hartman             55     0   4  1  
 2 Drake Batherson          Marcus Foligno           45     0   4  1  

Penalty Kill 4 Players Defense
   Defense                  Defense                  Time % Phy DF OF 
 1 Charles McAvoy           Connor Murphy            55     1   3  1  
 2 Rasmus Dahlin            Josh Manson              45     1   3  1  

Penalty Kill - 3 Players Forward 
   Forward                                           Time % Phy DF OF 
 1 Jean-Gabriel Pageau                               55     0   4  1  
 2 Ryan Hartman                                      45     0   4  1  

Penalty Kill - 3 Players Defense
   Defense                  Defense                  Time % Phy DF OF 
 1 Charles McAvoy           Connor Murphy            55     0   4  1  
 2 Justin Holl              Josh Manson              45     0   4  1  

4 vs 4 Forward 
   Center                   Wing                     Time % Phy DF OF 
 1 Nikita Kucherov          Logan Couture            55     0   2  3  
 2 Bo Horvat                David Perron             45     0   2  3  

4 vs 4 Defense
   Defense                  Defense                  Time % Phy DF OF 
 1 Charles McAvoy           Connor Murphy            55     1   2  2  
 2 Rasmus Dahlin            Josh Manson              45     1   2  2  

Last Minutes Offensive
   Center                   Left Wing                Right Wing               Defense                  Defense                  
   Logan Couture            David Perron             Nikita Kucherov          Charles McAvoy           Rasmus Dahlin            

Last Minutes Defensive
   Center                   Left Wing                Right Wing               Defense                  Defense                  
   Logan Couture            David Perron             Nikita Kucherov          Charles McAvoy           Connor Murphy            

Goaltenders
Starting : Connor Hellebuyck        
Backup : Laurent Brossoit         

Extra Forwards
Normal : Jean-Gabriel Pageau, Marcus Foligno, Ryan Hartman - PP : Jean-Gabriel Pageau, Marcus Foligno - PK : Ryan Hartman
Extra Defensemen
Normal : Connor Murphy, Charles McAvoy, Rasmus Dahlin - PP : Justin Holl - PK : Michael Matheson, Rasmus Dahlin
Penalty Shots
Nikita Kucherov, Logan Couture, Bo Horvat, David Perron, Evander Kane
Custom OT Lines Forwards
Nikita Kucherov, Logan Couture, Bo Horvat, David Perron, Evander Kane, Jean-Gabriel Pageau, Marcus Foligno, Ilya Mikheyev, Ryan Hartman, Robert Fabbri
Custom OT Lines Defensemen
Charles McAvoy, Connor Murphy, Rasmus Dahlin, Josh Manson, Justin Holl

Scratches
None

UTAH ICE BEARS

5 vs 5 Forward 
   Center                   Left Wing                Right Wing               Time % Phy DF OF 
 1 Artem Anisimov           Zachary Sanford          Nikolay Goldobin         36     1   2  2  
 2 Alex Galchenyuk          Vladimir Sobotka         Valentin Zykov           31     1   2  2  
 3 Dominic Toninato         Stefan Matteau           Robert Lantosi           23     1   2  2  
 4 Ross Colton              Nathan Walker            Artem Anisimov           10     1   2  2  

5 vs 5 Defense 
   Defense                  Defense                                           Time % Phy DF OF 
 1 Alexander Edler          Kevin Shattenkirk                                 36     1   2  2  
 2 T.J. Brodie              MacKenzie Weegar                                  31     1   2  2  
 3 Radim Simek              Troy Stecher                                      23     1   2  2  
 4 Alexander Edler          Kevin Shattenkirk                                 10     1   2  2  

PowerPlay Forward 
   Center                   Left Wing                Right Wing               Time % Phy DF OF 
 1 Artem Anisimov           Zachary Sanford          Nikolay Goldobin         55     1   2  2  
 2 Alex Galchenyuk          Vladimir Sobotka         Valentin Zykov           45     1   2  2  

PowerPlay Defense
   Defense                  Defense                                           Time % Phy DF OF 
 1 Alexander Edler          Kevin Shattenkirk                                 55     1   2  2  
 2 T.J. Brodie              MacKenzie Weegar                                  45     1   2  2  

Penalty Kill 4 Players Forward 
   Center                   Wing                     Time % Phy DF OF 
 1 Artem Anisimov           Zachary Sanford          55     1   2  2  
 2 Alex Galchenyuk          Vladimir Sobotka         45     1   2  2  

Penalty Kill 4 Players Defense
   Defense                  Defense                  Time % Phy DF OF 
 1 Alexander Edler          Kevin Shattenkirk        55     1   2  2  
 2 T.J. Brodie              MacKenzie Weegar         45     1   2  2  

Penalty Kill - 3 Players Forward 
   Forward                                           Time % Phy DF OF 
 1 Artem Anisimov                                    55     1   2  2  
 2 Zachary Sanford                                   45     1   2  2  

Penalty Kill - 3 Players Defense
   Defense                  Defense                  Time % Phy DF OF 
 1 Alexander Edler          Kevin Shattenkirk        55     1   2  2  
 2 T.J. Brodie              MacKenzie Weegar         45     1   2  2  

4 vs 4 Forward 
   Center                   Wing                     Time % Phy DF OF 
 1 Artem Anisimov           Zachary Sanford          55     1   2  2  
 2 Alex Galchenyuk          Vladimir Sobotka         45     1   2  2  

4 vs 4 Defense
   Defense                  Defense                  Time % Phy DF OF 
 1 Alexander Edler          Kevin Shattenkirk        55     1   2  2  
 2 T.J. Brodie              MacKenzie Weegar         45     1   2  2  

Last Minutes Offensive
   Center                   Left Wing                Right Wing               Defense                  Defense                  
   Artem Anisimov           Zachary Sanford          Nikolay Goldobin         Alexander Edler          Kevin Shattenkirk        

Last Minutes Defensive
   Center                   Left Wing                Right Wing               Defense                  Defense                  
   Artem Anisimov           Zachary Sanford          Nikolay Goldobin         Alexander Edler          Kevin Shattenkirk        

Goaltenders
Starting : Thatcher Demko           
Backup : Devan Dubnyk             

Extra Forwards
Normal : Jakub Lauko, Dominic Toninato, Stefan Matteau - PP : Jakub Lauko, Dominic Toninato - PK : Stefan Matteau
Extra Defensemen
Normal : Radim Simek, Troy Stecher, T.J. Brodie - PP : Radim Simek - PK : Troy Stecher, T.J. Brodie
Penalty Shots
Artem Anisimov, Zachary Sanford, Alex Galchenyuk, Vladimir Sobotka, Dominic Toninato
Custom OT Lines Forwards
Artem Anisimov, Zachary Sanford, Alex Galchenyuk, Vladimir Sobotka, Dominic Toninato, Stefan Matteau, Nikolay Goldobin, Ross Colton, Valentin Zykov, Robert Lantosi
Custom OT Lines Defensemen
Alexander Edler, Kevin Shattenkirk, T.J. Brodie, MacKenzie Weegar, Radim Simek

Scratches
None


% Time on Ice - SAN DIEGO THUNDER

Lines # - Real PCT - Wanted PCT - Time Play
Normal Forward
1 - 35% - 36% - 17:14
2 - 31% - 32% - 15:19
3 - 23% - 24% - 11:33
4 - 10% - 8% - 5:03
Normal Defense
1 - 33% - 36% - 16:05
2 - 34% - 31% - 16:55
3 - 28% - 23% - 13:42
4 - 5% - 10% - 2:27
PP Forward
1 - 52% - 55% - 3:09
2 - 48% - 45% - 2:52
PP Defense
1 - 56% - 55% - 3:21
2 - 44% - 45% - 2:40
PK Forward
1 - 64% - 55% - 1:49
2 - 36% - 45% - 1:02
PK Defense
1 - 47% - 55% - 1:20
2 - 53% - 45% - 1:31
PK3 Forward
1 - 0% - 55%
2 - 0% - 45%
PK3 Defense
1 - 0% - 55%
2 - 0% - 45%
44 Forward
1 - 69% - 55% - 1:22
2 - 31% - 45% - 0:37
44 Defense
1 - 55% - 55% - 1:05
2 - 45% - 45% - 0:54
Last Minute Offensive  - 0:00
Last Minute Defensive  - 0:00
Total
Forward - 60:00
Defense - 60:00

% Time on Ice - UTAH ICE BEARS

Lines # - Real PCT - Wanted PCT - Time Play
Normal Forward
1 - 29% - 36% - 14:09
2 - 31% - 31% - 15:23
3 - 30% - 23% - 14:54
4 - 10% - 10% - 4:43
Normal Defense
1 - 37% - 36% - 18:22
2 - 31% - 31% - 15:18
3 - 27% - 23% - 13:23
4 - 4% - 10% - 2:06
PP Forward
1 - 64% - 55% - 1:49
2 - 36% - 45% - 1:02
PP Defense
1 - 33% - 55% - 0:57
2 - 67% - 45% - 1:54
PK Forward
1 - 54% - 55% - 3:15
2 - 46% - 45% - 2:46
PK Defense
1 - 43% - 55% - 2:34
2 - 57% - 45% - 3:27
PK3 Forward
1 - 0% - 55%
2 - 0% - 45%
PK3 Defense
1 - 0% - 55%
2 - 0% - 45%
44 Forward
1 - 61% - 55% - 1:12
2 - 39% - 45% - 0:47
44 Defense
1 - 63% - 55% - 1:15
2 - 37% - 45% - 0:44
Last Minute Offensive  - 0:00
Last Minute Defensive  - 0:00
Total
Forward - 60:00
Defense - 60:00

Play-by-Play

1st period


0:01 of 1st period - Artem Anisimov wins face-off versus Logan Couture in neutral zone.
0:23 of 1st period - Shot by Connor Murphy.
0:23 of 1st period - Stopped by Thatcher Demko without a rebound.
0:24 of 1st period - Bo Horvat wins face-off versus Alex Galchenyuk in UTAH ICE BEARS zone.
0:24 of 1st period - Bo Horvat is hit by T.J. Brodie.
0:26 of 1st period - Shot by David Perron.
0:26 of 1st period - Shot Misses the Net.
0:45 of 1st period - Minor Penalty to MacKenzie Weegar for Hooking.
0:46 of 1st period - Artem Anisimov wins face-off versus Logan Couture in UTAH ICE BEARS zone.
0:52 of 1st period - Icing by Logan Couture.
0:53 of 1st period - Alex Galchenyuk wins face-off versus Logan Couture in SAN DIEGO THUNDER zone.
1:10 of 1st period - Shot by David Perron.
1:10 of 1st period - Shot Misses the Net.
1:12 of 1st period - Shot by Charles McAvoy.
1:12 of 1st period - Shot Blocked by Troy Stecher.
1:30 of 1st period - Shot by Logan Couture.
1:30 of 1st period - Stopped by Thatcher Demko with a rebound.
1:32 of 1st period - Shot by Charles McAvoy.
1:32 of 1st period - Shot Misses the Net.
1:52 of 1st period - Shot by Evander Kane.
1:52 of 1st period - Shot Misses the Net.
1:54 of 1st period - Shot by Bo Horvat.
1:54 of 1st period - Stopped by Thatcher Demko without a rebound.
1:55 of 1st period - Artem Anisimov wins face-off versus Bo Horvat in UTAH ICE BEARS zone.
2:13 of 1st period - Off-side.
2:14 of 1st period - Bo Horvat wins face-off versus Artem Anisimov in neutral zone.
2:20 of 1st period - Shot by Bo Horvat.
2:20 of 1st period - Deflect By Evander Kane.
2:20 of 1st period - Stopped by Thatcher Demko without a rebound.
2:21 of 1st period - Artem Anisimov wins face-off versus Logan Couture in UTAH ICE BEARS zone.
2:30 of 1st period - Shot by Nikita Kucherov.
2:30 of 1st period - Stopped by Thatcher Demko without a rebound.
2:31 of 1st period - Bo Horvat wins face-off versus Artem Anisimov in UTAH ICE BEARS zone.
2:34 of 1st period - Shot by Evander Kane.
2:34 of 1st period - Stopped by Thatcher Demko with a rebound.
2:36 of 1st period - Shot by Bo Horvat.
2:36 of 1st period - Shot Misses the Net.
2:38 of 1st period - Shot by Bo Horvat.
2:38 of 1st period - Stopped by Thatcher Demko with a rebound.
2:56 of 1st period - Marcus Foligno is hit by Stefan Matteau and loses puck.
3:26 of 1st period - Shot by Marcus Foligno.
3:26 of 1st period - Shot Misses the Net.
3:28 of 1st period - Shot by Connor Murphy.
3:28 of 1st period - Shot Misses the Net.
3:35 of 1st period - Icing by T.J. Brodie.
3:36 of 1st period - Logan Couture wins face-off versus Dominic Toninato in UTAH ICE BEARS zone.
3:41 of 1st period - Shot by Nikita Kucherov.
3:41 of 1st period - Stopped by Thatcher Demko without a rebound.
3:42 of 1st period - Bo Horvat wins face-off versus Artem Anisimov in UTAH ICE BEARS zone.
3:53 of 1st period - Shot by Bo Horvat.
3:53 of 1st period - Shot Hit the Post.
3:55 of 1st period - Shot by David Perron.
3:55 of 1st period - Shot Blocked by Alexander Edler.
4:49 of 1st period - Shot by Alex Galchenyuk.
4:49 of 1st period - Shot Misses the Net.
4:51 of 1st period - Shot by Troy Stecher.
4:51 of 1st period - Shot Misses the Net.
5:13 of 1st period - Shot by Vladimir Sobotka.
5:13 of 1st period - Deflect By Alex Galchenyuk.
5:13 of 1st period - Shot Misses the Net.
5:15 of 1st period - Shot by Vladimir Sobotka.
5:15 of 1st period - Shot Misses the Net.
5:17 of 1st period - Shot by Troy Stecher.
5:17 of 1st period - Shot Misses the Net.
5:19 of 1st period - Shot by Alex Galchenyuk.
5:19 of 1st period - Shot Misses the Net.
5:54 of 1st period - Icing by Connor Murphy.
5:55 of 1st period - Jean-Gabriel Pageau wins face-off versus Ross Colton in SAN DIEGO THUNDER zone.
6:00 of 1st period - Alexander Edler is hit by Marcus Foligno and loses puck.
7:07 of 1st period - Icing by David Perron.
7:08 of 1st period - Bo Horvat wins face-off versus Dominic Toninato in SAN DIEGO THUNDER zone.
7:08 of 1st period - Bo Horvat is hit by Stefan Matteau.
7:29 of 1st period - Shot by Dominic Toninato.
7:29 of 1st period - Stopped by Connor Hellebuyck with a rebound.
8:42 of 1st period - Shot by T.J. Brodie.
8:42 of 1st period - Stopped by Connor Hellebuyck without a rebound.
8:43 of 1st period - Artem Anisimov wins face-off versus Robert Fabbri in SAN DIEGO THUNDER zone.
9:06 of 1st period - Shot by Artem Anisimov.
9:06 of 1st period - Shot Misses the Net.
9:08 of 1st period - Shot by Zachary Sanford.
9:08 of 1st period - Shot Misses the Net.
9:10 of 1st period - Shot by Zachary Sanford.
9:10 of 1st period - Stopped by Connor Hellebuyck with a rebound.
9:35 of 1st period - Dominic Toninato is hit by Michael Matheson and loses puck.
9:46 of 1st period - Shot by Stefan Matteau.
9:46 of 1st period - Stopped by Connor Hellebuyck without a rebound.
9:47 of 1st period - Logan Couture wins face-off versus Alex Galchenyuk in SAN DIEGO THUNDER zone.
9:47 of 1st period - Logan Couture is hit by Vladimir Sobotka.
10:02 of 1st period - Evander Kane is hit by MacKenzie Weegar.
10:04 of 1st period - Shot by Logan Couture.
10:04 of 1st period - Shot Misses the Net.
10:16 of 1st period - Shot by Alex Galchenyuk.
10:16 of 1st period - Shot Misses the Net.
11:51 of 1st period - Shot by Jean-Gabriel Pageau.
11:51 of 1st period - Stopped by Thatcher Demko without a rebound.
11:52 of 1st period - Bo Horvat wins face-off versus Ross Colton in UTAH ICE BEARS zone.
11:55 of 1st period - Shot by Ilya Mikheyev.
11:55 of 1st period - Stopped by Thatcher Demko without a rebound.
11:56 of 1st period - Bo Horvat wins face-off versus Ross Colton in UTAH ICE BEARS zone.
12:05 of 1st period - Shot by Bo Horvat.
12:05 of 1st period - Shot Blocked by MacKenzie Weegar.
12:07 of 1st period - Shot by Bo Horvat.
12:07 of 1st period - Stopped by Thatcher Demko without a rebound.
12:08 of 1st period - Alex Galchenyuk wins face-off versus Jean-Gabriel Pageau in UTAH ICE BEARS zone.
12:23 of 1st period - Shot by Marcus Foligno.
12:23 of 1st period - Shot Misses the Net.
12:32 of 1st period - Alexander Edler is hit by Josh Manson and loses puck.
13:36 of 1st period - Shot by Artem Anisimov.
13:36 of 1st period - Stopped by Connor Hellebuyck without a rebound.
13:37 of 1st period - Logan Couture wins face-off versus Robert Lantosi in SAN DIEGO THUNDER zone.
13:37 of 1st period - Logan Couture is hit by Stefan Matteau.
13:56 of 1st period - Shot by Dominic Toninato.
13:56 of 1st period - Shot Blocked by Connor Murphy.
14:43 of 1st period - Nikolay Goldobin is hit by Josh Manson and loses puck.
14:58 of 1st period - Shot by Artem Anisimov.
14:58 of 1st period - Stopped by Connor Hellebuyck without a rebound.
14:59 of 1st period - Ross Colton wins face-off versus Bo Horvat in SAN DIEGO THUNDER zone.
15:26 of 1st period - Shot by Bo Horvat.
15:26 of 1st period - Shot Misses the Net.
15:51 of 1st period - Icing by Alexander Edler.
15:52 of 1st period - Logan Couture wins face-off versus Ross Colton in UTAH ICE BEARS zone.
16:05 of 1st period - Shot by Nikita Kucherov.
16:05 of 1st period - Stopped by Thatcher Demko without a rebound.
16:06 of 1st period - Jean-Gabriel Pageau wins face-off versus Alex Galchenyuk in UTAH ICE BEARS zone.
16:48 of 1st period - Shot by Jean-Gabriel Pageau.
16:48 of 1st period - Shot Blocked by Troy Stecher.
17:06 of 1st period - Charles McAvoy is hit by Vladimir Sobotka and loses puck.
17:28 of 1st period - Shot by Evander Kane.
17:28 of 1st period - Shot Blocked by T.J. Brodie.
17:32 of 1st period - Shot by Logan Couture.
17:32 of 1st period - Stopped by Thatcher Demko without a rebound.
17:33 of 1st period - Bo Horvat wins face-off versus Artem Anisimov in UTAH ICE BEARS zone.
18:03 of 1st period - Artem Anisimov is hit by Rasmus Dahlin and loses puck.
18:32 of 1st period - Shot by Dominic Toninato.
18:32 of 1st period - Shot Misses the Net.
18:34 of 1st period - Shot by Dominic Toninato.
18:34 of 1st period - Stopped by Connor Hellebuyck with a rebound.
18:36 of 1st period - Shot by Stefan Matteau.
18:36 of 1st period - Shot Misses the Net.
18:38 of 1st period - Shot by MacKenzie Weegar.
18:38 of 1st period - Stopped by Connor Hellebuyck without a rebound.
18:39 of 1st period - Logan Couture wins face-off versus Alex Galchenyuk in SAN DIEGO THUNDER zone.
18:58 of 1st period - Shot by Logan Couture.
18:58 of 1st period - Shot Misses the Net.
19:58 of 1st period - Jean-Gabriel Pageau is hit by Troy Stecher and loses puck.
Goals for this period are 0 for SAN DIEGO THUNDER vs 0 for UTAH ICE BEARS.
Shots for this period are 13 for SAN DIEGO THUNDER vs 8 for UTAH ICE BEARS.

2nd period


0:01 of 2nd period - Evander Kane wins face-off versus Zachary Sanford in neutral zone.
0:37 of 2nd period - Shot by Nikita Kucherov.
0:37 of 2nd period - Stopped by Thatcher Demko without a rebound.
0:38 of 2nd period - Alex Galchenyuk wins face-off versus Bo Horvat in UTAH ICE BEARS zone.
1:18 of 2nd period - Justin Holl is hit by Vladimir Sobotka and loses puck.
1:50 of 2nd period - Shot by Radim Simek.
1:50 of 2nd period - Shot Misses the Net.
2:32 of 2nd period - Shot by Zachary Sanford.
2:32 of 2nd period - Shot Blocked by Josh Manson.
3:31 of 2nd period - Shot by Jean-Gabriel Pageau.
3:31 of 2nd period - Stopped by Thatcher Demko without a rebound.
3:32 of 2nd period - Logan Couture wins face-off versus Dominic Toninato in UTAH ICE BEARS zone.
3:33 of 2nd period - Shot by Nikita Kucherov.
3:33 of 2nd period - Stopped by Thatcher Demko with a rebound.
3:35 of 2nd period - Shot by Logan Couture.
3:35 of 2nd period - Deflect By Nikita Kucherov.
3:35 of 2nd period - Stopped by Thatcher Demko with a rebound.
3:39 of 2nd period - Shot by Nikita Kucherov.
3:39 of 2nd period - Goal by Nikita Kucherov - SAN DIEGO THUNDER : 1 - UTAH ICE BEARS : 0.
3:40 of 2nd period - Dominic Toninato wins face-off versus Logan Couture in neutral zone.
5:49 of 2nd period - Shot by Alex Galchenyuk.
5:49 of 2nd period - Deflect By Vladimir Sobotka.
5:49 of 2nd period - Shot Blocked by Michael Matheson.
5:51 of 2nd period - Shot by Radim Simek.
5:51 of 2nd period - Shot Misses the Net.
5:53 of 2nd period - Shot by Vladimir Sobotka.
5:53 of 2nd period - Shot Blocked by Rasmus Dahlin.
6:40 of 2nd period - Off-side.
6:41 of 2nd period - Logan Couture wins face-off versus Artem Anisimov in neutral zone.
6:43 of 2nd period - Off-side.
6:44 of 2nd period - Artem Anisimov wins face-off versus Logan Couture in neutral zone.
6:57 of 2nd period - Shot by Evander Kane.
6:57 of 2nd period - Stopped by Thatcher Demko without a rebound.
6:58 of 2nd period - Bo Horvat wins face-off versus Dominic Toninato in UTAH ICE BEARS zone.
6:59 of 2nd period - Shot by David Perron.
6:59 of 2nd period - Shot Misses the Net.
7:09 of 2nd period - Shot by Bo Horvat.
7:09 of 2nd period - Stopped by Thatcher Demko without a rebound.
7:09 of 2nd period - Minor Penalty to Alexander Edler for Kneeing.
7:10 of 2nd period - Logan Couture wins face-off versus Zachary Sanford in UTAH ICE BEARS zone.
7:11 of 2nd period - Shot by Nikita Kucherov.
7:11 of 2nd period - Deflect By David Perron.
7:11 of 2nd period - Shot Blocked by Kevin Shattenkirk.
7:13 of 2nd period - Shot by Connor Murphy.
7:13 of 2nd period - Goal by Connor Murphy - SAN DIEGO THUNDER : 2 - UTAH ICE BEARS : 0.
7:14 of 2nd period - Logan Couture wins face-off versus Alex Galchenyuk in neutral zone.
7:29 of 2nd period - Shot by Logan Couture.
7:29 of 2nd period - Stopped by Thatcher Demko with a rebound.
7:41 of 2nd period - Shot by Kevin Shattenkirk.
7:41 of 2nd period - Stopped by Connor Hellebuyck with a rebound.
7:42 of 2nd period - Minor Penalty to Charles McAvoy for Goalie Interference.
7:43 of 2nd period - Artem Anisimov wins face-off versus Jean-Gabriel Pageau in SAN DIEGO THUNDER zone.
8:17 of 2nd period - Icing by MacKenzie Weegar.
8:18 of 2nd period - Artem Anisimov wins face-off versus Jean-Gabriel Pageau in UTAH ICE BEARS zone.
8:18 of 2nd period - Artem Anisimov is hit by Jean-Gabriel Pageau.
8:32 of 2nd period - Shot by Artem Anisimov.
8:32 of 2nd period - Shot Misses the Net.
8:34 of 2nd period - Shot by MacKenzie Weegar.
8:34 of 2nd period - Goal by MacKenzie Weegar - SAN DIEGO THUNDER : 2 - UTAH ICE BEARS : 1.
8:35 of 2nd period - Alex Galchenyuk wins face-off versus Logan Couture in neutral zone.
8:38 of 2nd period - Shot by Alexander Edler.
8:38 of 2nd period - Shot Misses the Net.
8:50 of 2nd period - Shot by Logan Couture.
8:50 of 2nd period - Stopped by Thatcher Demko without a rebound.
8:51 of 2nd period - Dominic Toninato wins face-off versus Bo Horvat in UTAH ICE BEARS zone.
8:53 of 2nd period - Icing by Stefan Matteau.
8:54 of 2nd period - Dominic Toninato wins face-off versus Logan Couture in UTAH ICE BEARS zone.
9:16 of 2nd period - Off-side.
9:17 of 2nd period - Bo Horvat wins face-off versus Artem Anisimov in neutral zone.
10:00 of 2nd period - Alexander Edler is hit by Ilya Mikheyev and loses puck.
10:09 of 2nd period - Ilya Mikheyev is hit by Zachary Sanford and loses puck.
10:50 of 2nd period - Evander Kane is hit by Vladimir Sobotka and loses puck.
10:55 of 2nd period - Shot by Alex Galchenyuk.
10:55 of 2nd period - Shot Misses the Net.
11:05 of 2nd period - Shot by Nikita Kucherov.
11:05 of 2nd period - Stopped by Thatcher Demko without a rebound.
11:06 of 2nd period - Jean-Gabriel Pageau wins face-off versus Dominic Toninato in UTAH ICE BEARS zone.
11:16 of 2nd period - Off-side.
11:17 of 2nd period - Logan Couture wins face-off versus Dominic Toninato in neutral zone.
11:33 of 2nd period - Dominic Toninato is hit by Connor Murphy and loses puck.
11:40 of 2nd period - Shot by Dominic Toninato.
11:40 of 2nd period - Stopped by Connor Hellebuyck without a rebound.
11:41 of 2nd period - Artem Anisimov wins face-off versus Jean-Gabriel Pageau in SAN DIEGO THUNDER zone.
11:49 of 2nd period - Icing by Ryan Hartman.
11:50 of 2nd period - Jean-Gabriel Pageau wins face-off versus Artem Anisimov in SAN DIEGO THUNDER zone.
11:50 of 2nd period - Jean-Gabriel Pageau is hit by Zachary Sanford.
11:56 of 2nd period - Shot by Jean-Gabriel Pageau.
11:56 of 2nd period - Deflect By Marcus Foligno.
11:56 of 2nd period - Goal by Marcus Foligno - SAN DIEGO THUNDER : 3 - UTAH ICE BEARS : 1.
11:57 of 2nd period - Logan Couture wins face-off versus Artem Anisimov in neutral zone.
12:28 of 2nd period - Shot by Nikita Kucherov.
12:28 of 2nd period - Deflect By Evander Kane.
12:28 of 2nd period - Shot Misses the Net.
12:30 of 2nd period - Shot by Logan Couture.
12:30 of 2nd period - Shot Misses the Net.
13:25 of 2nd period - Shot by Jean-Gabriel Pageau.
13:25 of 2nd period - Stopped by Thatcher Demko with a rebound.
13:27 of 2nd period - Shot by Jean-Gabriel Pageau.
13:27 of 2nd period - Shot Misses the Net.
13:29 of 2nd period - Shot by Ryan Hartman.
13:29 of 2nd period - Shot Blocked by MacKenzie Weegar.
13:49 of 2nd period - Shot by David Perron.
13:49 of 2nd period - Stopped by Thatcher Demko without a rebound.
13:50 of 2nd period - Dominic Toninato wins face-off versus Robert Fabbri in UTAH ICE BEARS zone.
14:09 of 2nd period - Shot by Stefan Matteau.
14:09 of 2nd period - Shot Misses the Net.
14:32 of 2nd period - Shot by Drake Batherson.
14:32 of 2nd period - Shot Misses the Net.
15:08 of 2nd period - Shot by Evander Kane.
15:08 of 2nd period - Shot Misses the Net.
15:15 of 2nd period - Icing by Alexander Edler.
15:16 of 2nd period - Ross Colton wins face-off versus Bo Horvat in UTAH ICE BEARS zone.
15:16 of 2nd period - Ross Colton is hit by David Perron.
15:23 of 2nd period - Minor Penalty to Bo Horvat for Roughing.
15:24 of 2nd period - Jean-Gabriel Pageau wins face-off versus Alex Galchenyuk in SAN DIEGO THUNDER zone.
15:57 of 2nd period - Alex Galchenyuk is hit by Rasmus Dahlin and loses puck.
17:57 of 2nd period - Logan Couture is hit by Dominic Toninato and loses puck.
18:48 of 2nd period - Shot by Bo Horvat.
18:48 of 2nd period - Stopped by Thatcher Demko without a rebound.
18:49 of 2nd period - Alex Galchenyuk wins face-off versus Jean-Gabriel Pageau in UTAH ICE BEARS zone.
19:32 of 2nd period - Jean-Gabriel Pageau is hit by Kevin Shattenkirk and loses puck.
Goals for this period are 3 for SAN DIEGO THUNDER vs 1 for UTAH ICE BEARS.
Shots for this period are 15 for SAN DIEGO THUNDER vs 3 for UTAH ICE BEARS.

3rd period


0:01 of 3rd period - Artem Anisimov wins face-off versus Bo Horvat in neutral zone.
0:22 of 3rd period - Shot by David Perron.
0:22 of 3rd period - Shot Misses the Net.
0:24 of 3rd period - Shot by Connor Murphy.
0:24 of 3rd period - Shot Blocked by Alexander Edler.
0:26 of 3rd period - Shot by Bo Horvat.
0:26 of 3rd period - Stopped by Thatcher Demko without a rebound.
0:27 of 3rd period - Logan Couture wins face-off versus Alex Galchenyuk in UTAH ICE BEARS zone.
0:50 of 3rd period - Shot by Nikita Kucherov.
0:50 of 3rd period - Shot Hit the Post.
0:57 of 3rd period - Off-side.
0:58 of 3rd period - Bo Horvat wins face-off versus Artem Anisimov in neutral zone.
1:11 of 3rd period - Shot by Bo Horvat.
1:11 of 3rd period - Shot Blocked by Kevin Shattenkirk.
1:23 of 3rd period - Shot by David Perron.
1:23 of 3rd period - Deflect By Bo Horvat.
1:23 of 3rd period - Stopped by Thatcher Demko with a rebound.
1:25 of 3rd period - Shot by Bo Horvat.
1:25 of 3rd period - Stopped by Thatcher Demko with a rebound.
1:40 of 3rd period - Icing by Kevin Shattenkirk.
1:41 of 3rd period - Artem Anisimov wins face-off versus Jean-Gabriel Pageau in UTAH ICE BEARS zone.
1:43 of 3rd period - Alexander Edler is hit by Marcus Foligno and loses puck.
2:07 of 3rd period - Minor Penalty to Kevin Shattenkirk for Hooking.
2:08 of 3rd period - Alex Galchenyuk wins face-off versus Logan Couture in UTAH ICE BEARS zone.
2:08 of 3rd period - Alex Galchenyuk is hit by Logan Couture.
3:14 of 3rd period - Alexander Edler is hit by Evander Kane and loses puck.
3:23 of 3rd period - Shot by Evander Kane.
3:23 of 3rd period - Shot Misses the Net.
3:25 of 3rd period - Shot by Josh Manson.
3:25 of 3rd period - Stopped by Thatcher Demko without a rebound.
3:26 of 3rd period - Bo Horvat wins face-off versus Stefan Matteau in UTAH ICE BEARS zone.
3:29 of 3rd period - Shot by Bo Horvat.
3:29 of 3rd period - Shot Blocked by Alexander Edler.
3:31 of 3rd period - Shot by Evander Kane.
3:31 of 3rd period - Shot Misses the Net.
4:13 of 3rd period - Off-side.
4:14 of 3rd period - Alex Galchenyuk wins face-off versus Jean-Gabriel Pageau in neutral zone.
4:14 of 3rd period - Vladimir Sobotka is hit by Marcus Foligno and loses puck.
4:38 of 3rd period - Shot by Jean-Gabriel Pageau.
4:38 of 3rd period - Shot Misses the Net.
5:14 of 3rd period - Shot by Drake Batherson.
5:14 of 3rd period - Stopped by Thatcher Demko without a rebound.
5:15 of 3rd period - Artem Anisimov wins face-off versus Logan Couture in UTAH ICE BEARS zone.
5:47 of 3rd period - Shot by Artem Anisimov.
5:47 of 3rd period - Stopped by Connor Hellebuyck with a rebound.
5:49 of 3rd period - Shot by Artem Anisimov.
5:49 of 3rd period - Stopped by Connor Hellebuyck without a rebound.
5:50 of 3rd period - Bo Horvat wins face-off versus Stefan Matteau in SAN DIEGO THUNDER zone.
5:52 of 3rd period - Icing by David Perron.
5:53 of 3rd period - Bo Horvat wins face-off versus Dominic Toninato in SAN DIEGO THUNDER zone.
5:53 of 3rd period - Bo Horvat is hit by Dominic Toninato.
6:05 of 3rd period - Shot by Bo Horvat.
6:05 of 3rd period - Stopped by Thatcher Demko with a rebound.
6:25 of 3rd period - David Perron is hit by Radim Simek and loses puck.
6:41 of 3rd period - Minor Penalty to Zachary Sanford for Hooking.
6:41 of 3rd period - Minor Penalty to Justin Holl for Interference.
6:42 of 3rd period - Artem Anisimov wins face-off versus Nikita Kucherov in SAN DIEGO THUNDER zone.
6:57 of 3rd period - Shot by Artem Anisimov.
6:57 of 3rd period - Shot Misses the Net.
7:07 of 3rd period - Shot by Artem Anisimov.
7:07 of 3rd period - Shot Misses the Net.
7:09 of 3rd period - Shot by Kevin Shattenkirk.
7:09 of 3rd period - Stopped by Connor Hellebuyck without a rebound.
7:10 of 3rd period - Dominic Toninato wins face-off versus Nikita Kucherov in SAN DIEGO THUNDER zone.
7:23 of 3rd period - Shot by T.J. Brodie.
7:23 of 3rd period - Shot Misses the Net.
7:37 of 3rd period - Shot by Artem Anisimov.
7:37 of 3rd period - Shot Misses the Net.
7:39 of 3rd period - Shot by T.J. Brodie.
7:39 of 3rd period - Stopped by Connor Hellebuyck with a rebound.
7:41 of 3rd period - Shot by Artem Anisimov.
7:41 of 3rd period - Shot Misses the Net.
7:58 of 3rd period - Icing by Alexander Edler.
7:59 of 3rd period - Bo Horvat wins face-off versus Alex Galchenyuk in UTAH ICE BEARS zone.
8:30 of 3rd period - Shot by Bo Horvat.
8:30 of 3rd period - Shot Blocked by Alexander Edler.
8:32 of 3rd period - Shot by David Perron.
8:32 of 3rd period - Deflect By Bo Horvat.
8:32 of 3rd period - Goal by Bo Horvat - SAN DIEGO THUNDER : 4 - UTAH ICE BEARS : 1.
8:33 of 3rd period - Artem Anisimov wins face-off versus Nikita Kucherov in neutral zone.
8:44 of 3rd period - Jean-Gabriel Pageau is hit by Stefan Matteau and loses puck.
8:55 of 3rd period - Shot by Jean-Gabriel Pageau.
8:55 of 3rd period - Goal by Jean-Gabriel Pageau - SAN DIEGO THUNDER : 5 - UTAH ICE BEARS : 1.
8:56 of 3rd period - Artem Anisimov wins face-off versus Bo Horvat in neutral zone.
9:18 of 3rd period - Shot by Bo Horvat.
9:18 of 3rd period - Stopped by Thatcher Demko without a rebound.
9:19 of 3rd period - Logan Couture wins face-off versus Valentin Zykov in UTAH ICE BEARS zone.
9:41 of 3rd period - Logan Couture is hit by Valentin Zykov and loses puck.
10:55 of 3rd period - Artem Anisimov is hit by Connor Murphy and loses puck.
11:11 of 3rd period - Shot by Zachary Sanford.
11:11 of 3rd period - Stopped by Connor Hellebuyck with a rebound.
11:59 of 3rd period - Shot by Ryan Hartman.
11:59 of 3rd period - Stopped by Thatcher Demko without a rebound.
12:00 of 3rd period - Logan Couture wins face-off versus Ross Colton in UTAH ICE BEARS zone.
12:14 of 3rd period - Shot by Logan Couture.
12:14 of 3rd period - Shot Misses the Net.
12:30 of 3rd period - Shot by Logan Couture.
12:30 of 3rd period - Stopped by Thatcher Demko without a rebound.
12:31 of 3rd period - Robert Fabbri wins face-off versus Dominic Toninato in UTAH ICE BEARS zone.
13:16 of 3rd period - Stefan Matteau is hit by Drake Batherson and loses puck.
13:50 of 3rd period - Shot by Nikita Kucherov.
13:50 of 3rd period - Stopped by Thatcher Demko with a rebound.
13:53 of 3rd period - Minor Penalty to MacKenzie Weegar for Roughing.
13:54 of 3rd period - Bo Horvat wins face-off versus Artem Anisimov in UTAH ICE BEARS zone.
14:03 of 3rd period - Shot by Connor Murphy.
14:03 of 3rd period - Stopped by Thatcher Demko with a rebound.
14:05 of 3rd period - Shot by Evander Kane.
14:05 of 3rd period - Stopped by Thatcher Demko without a rebound.
14:06 of 3rd period - Logan Couture wins face-off versus Artem Anisimov in UTAH ICE BEARS zone.
14:13 of 3rd period - Shot by Nikita Kucherov.
14:13 of 3rd period - Stopped by Thatcher Demko without a rebound.
14:14 of 3rd period - Artem Anisimov wins face-off versus David Perron in UTAH ICE BEARS zone.
14:50 of 3rd period - Logan Couture is hit by Troy Stecher and loses puck.
16:13 of 3rd period - Shot by Ryan Hartman.
16:13 of 3rd period - Shot Blocked by Radim Simek.
16:15 of 3rd period - Shot by Justin Holl.
16:15 of 3rd period - Stopped by Thatcher Demko without a rebound.
16:16 of 3rd period - Nathan Walker wins face-off versus Robert Fabbri in UTAH ICE BEARS zone.
16:16 of 3rd period - Nathan Walker is hit by Drake Batherson.
16:37 of 3rd period - Icing by Robert Fabbri.
16:38 of 3rd period - Dominic Toninato wins face-off versus Robert Fabbri in SAN DIEGO THUNDER zone.
16:53 of 3rd period - Shot by Emil Bemstrom.
16:53 of 3rd period - Stopped by Thatcher Demko with a rebound.
17:05 of 3rd period - Stefan Matteau is hit by Drake Batherson and loses puck.
17:22 of 3rd period - Shot by Nikita Kucherov.
17:22 of 3rd period - Shot Misses the Net.
17:36 of 3rd period - Shot by Nikita Kucherov.
17:36 of 3rd period - Stopped by Thatcher Demko with a rebound.
17:46 of 3rd period - Shot by Evander Kane.
17:46 of 3rd period - Stopped by Thatcher Demko without a rebound.
17:47 of 3rd period - Bo Horvat wins face-off versus Artem Anisimov in UTAH ICE BEARS zone.
18:04 of 3rd period - Shot by Kevin Shattenkirk.
18:04 of 3rd period - Stopped by Connor Hellebuyck without a rebound.
18:05 of 3rd period - Alex Galchenyuk wins face-off versus Jean-Gabriel Pageau in SAN DIEGO THUNDER zone.
18:16 of 3rd period - Shot by Ryan Hartman.
18:16 of 3rd period - Shot Misses the Net.
18:35 of 3rd period - Shot by Ryan Hartman.
18:35 of 3rd period - Stopped by Thatcher Demko without a rebound.
18:36 of 3rd period - Artem Anisimov wins face-off versus Logan Couture in UTAH ICE BEARS zone.
18:36 of 3rd period - Artem Anisimov is hit by Evander Kane.
19:46 of 3rd period - Shot by Bo Horvat.
19:46 of 3rd period - Shot Blocked by Kevin Shattenkirk.
19:54 of 3rd period - Shot by David Perron.
19:54 of 3rd period - Shot Misses the Net.
19:56 of 3rd period - Shot by Bo Horvat.
19:56 of 3rd period - Shot Blocked by Alexander Edler.
Goals for this period are 2 for SAN DIEGO THUNDER vs 0 for UTAH ICE BEARS.
Shots for this period are 20 for SAN DIEGO THUNDER vs 6 for UTAH ICE BEARS.


DARCY
KUEMPER
JAKE
OETTINGER
NINO
NIEDERREITER

EAST COAST

HOCKEY LEAGUE

  • 1.CHI2QUE4
  • 2.LIM2CHA3
  • 3.LON3TRV5
  • 4.BAL5CHW6
  • 5.MANPIT
  • 6.NHWATL
  • 7.PETWOR
  • 8.RHI